 Dungeon Crawl Stone Soup version 0.24.0-123-gd5b16e6ec5 (webtiles) character file.

Game seed: 9311551240153844342, levelgen mode: deterministic

1561 LordRappington the Basher (level 8, -7/46 HPs)
             Began as a Gargoyle Fighter on Jan 15, 2020.
             Was a Believer of the Shining One.
             Hit by a large rock thrown by a cyclops (34 damage)
             ... on level 7 of the Dungeon.
             The game lasted 00:19:36 (5658 turns).

LordRappington the Basher (Gargoyle Fighter)        Turns: 5658, Time: 00:19:36

Health: -7/46      AC: 17    Str: 20    XL:     8   Next: 89%
Magic:  8/8        EV:  3    Int: 11    God:    the Shining One [**....]
Gold:   202        SH: 10    Dex:  9    Spells: 7/7 levels left

rFire    . . .     SeeInvis .   a - +1 flail
rCold    + . .     Gourm    .   c - +1 shield
rNeg     + + .     Faith    .   D - +0 plate armour
rPois    ∞         Spirit   .   (no helmet)
rElec    +         Reflect  .   m - scarf {cloud immunity}
rCorr    .         Harm     .   (no gloves)
MR       .....                  (no boots)
Stlth    ..........             (no amulet)
HPRegen  0.15/turn              q - ring of protection from cold
MPRegen  0.11/turn              (no ring)

@: glowing
A: negative energy resistance 1, electricity resistance, unbreathing,
petrification resistance, rot immunity, AC +5
a: Divine Shield, Renounce Religion


You were on level 7 of the Dungeon.
You worshipped the Shining One.
The Shining One was pleased with you.
You were not hungry.

You visited 2 branches of the dungeon, and saw 8 of its levels.
You also visited: Sewer.

You collected 202 gold pieces.

Inventory:

Hand Weapons
 a - a +1 flail (weapon)
 C - the cursed +2 hand crossbow of Dried Tears {penet, rElec rN+ MR+ Str+5, unknown}
   (You found it on level 5 of the Dungeon)

   Ammo fired by it will pass through the targets it hits, potentially hitting
   all targets in its path until it reaches maximum range.
   It affects your strength (+5).
   It insulates you from electricity.
   It protects you from negative energy.
   It affects your resistance to hostile enchantments.
   It has a curse placed upon it.
Missiles
 b - 3 atropa-tipped darts
 d - 46 bolts
 i - 44 poisoned darts (quivered)
Armour
 c - a +1 shield (worn)
 m - a scarf of cloud immunity (worn)
 D - a +0 plate armour (worn)
Jewellery
 q - a ring of protection from cold (left hand)
Wands
 p - a wand of disintegration (18)
 u - a wand of flame (12)
 y - a wand of scattershot (3)
Scrolls
 g - 2 scrolls of amnesia
 k - 7 scrolls of teleportation
 l - 3 scrolls of remove curse
 n - a scroll of enchant armour
 v - 2 scrolls of fear
Potions
 e - a potion of curing
 h - 3 potions of resistance
 j - 2 potions of berserk rage
 o - 2 potions of haste
 r - 6 potions of flight
 s - a potion of degeneration {unknown}
 x - a potion of invisibility
 z - 2 potions of agility
 A - a potion of brilliance
Comestibles
 f - 11 rations
 t - 5 chunks of flesh


   Skills:
 - Level 3.2 Fighting
 * Level 10.9 Maces & Flails
 - Level 3.2 Armour
 - Level 3.2 Shields


You had 7 spell levels left.
You didn't know any spells.
Your spell library was empty.

Dungeon Overview and Level Annotations

Branches:
Dungeon (7/15)             Temple (1/1) D:6           Sewer (visited)

Altars:
Ashenzari
Cheibriados
Dithmenos
Elyvilon
Gozag
Hepliaklqana
Makhleb
Nemelex Xobeh
Okawaru
Qazlal
Ru
Trog
Uskayaw
Wu Jian
Xom
Yredelemnul
Zin
The Shining One


Innate Abilities, Weirdness & Mutations

You are resistant to torment.
Your stone body is resilient. (AC +5)
You are immune to poison.
You resist negative energy. (rN+)
You are resistant to electric shocks. (rElec)
You can survive without breathing.
You are immune to petrification.
You are immune to rotting.


Message History

Things that are here:
a +0 giant spiked club; an ogre skeleton Eat one of 6 chunks of flesh? (ye/n/q)
You eat one of the 6 chunks of flesh.
This raw flesh tastes terrible.
You start resting.
A cyclops comes into view.
The cyclops shouts!
The cyclops throws a large rock.
The large rock hits you but does no damage.
You see here a large rock.
The cyclops throws a large rock.
The large rock hits you but does no damage.
You see here a large rock.
There is a stone staircase leading up here.
The cyclops throws a large rock.
The large rock hits you!
You see here a large rock.
You see here a large rock.
The cyclops throws a large rock.
The large rock hits you!!
Ouch! That really hurt!
You die...

#.# #.# #.#
#.# ###.###
#.. ..... ..##
... #.. #.#
#.# #.# #.# #
#(######)#.#.#
#.@..C(......#
######...#.###
#.#....#
........#
##+###....#
$....# ..C.##
..##


You could see a cyclops.

Vanquished Creatures
  Eustachio (D:5)
  Menkaure (D:5)
  An ice beast (D:5)
  A phantom (D:4)
  An ogre (D:7)
  Blork the orc (D:6)
  A bullfrog (D:6)
  A howler monkey (D:6)
  3 crimson imps
  2 jellies (D:6)
  A centaur skeleton (D:4)
  A gnoll shaman (D:5)
  A hound (D:5)
  2 orc priests
  Jessica (D:3)
  An iguana (D:6)
  2 orc wizards (D:5)
  Ijyb (D:5)
  3 worker ants
  A killer bee zombie (D:6)
  2 hound zombies
  A hound skeleton (D:6)
  A worker ant zombie (D:5)
  3 gnolls (D:5)
  A howler monkey skeleton (D:5)
  11 adders
  A river rat (D:6)
  2 oozes (D:1)
  An adder zombie (D:5)
  3 worms
  2 dart slugs
  9 leopard geckos
  15 orcs
  4 ball pythons
  4 giant cockroaches
  4 goblins
  5 hobgoblins
  18 jackals
  A quokka (D:5)
  A ball python zombie (D:5)
  10 bats
  3 frilled lizards
  6 kobolds
  A leopard gecko zombie (D:6)
  15 rats
151 creatures vanquished.

Notes
Turn   | Place    | Note
-------+----------+-------------------------------------------
     0 | D:1      | LordRappington the Gargoyle Fighter began the quest for the
                  | Orb.
     0 | D:1      | Reached XP level 1. HP: 14/14 MP: 1/1
     6 | D:1      | Noticed a komodo dragon
     7 | D:1      | Noticed a polar bear
     7 | D:1      | Noticed a hound
    94 | D:1      | Reached XP level 2. HP: 17/19 MP: 2/2
   162 | D:1      | Reached skill level 3 in Maces & Flails
   371 | D:1      | Reached XP level 3. HP: 23/23 MP: 3/3
   735 | D:2      | Reached skill level 4 in Maces & Flails
   788 | D:2      | Reached XP level 4. HP: 12/28 MP: 4/4
   948 | D:2      | Found a sparkling altar of Nemelex Xobeh.
   954 | D:2      | Found a basalt altar of Yredelemnul.
  1029 | D:2      | Found a snail-covered altar of Cheibriados.
  2015 | D:3      | Noticed Jessica
  2058 | D:3      | Killed Jessica
  2058 | D:3      | Reached skill level 5 in Maces & Flails
  2058 | D:3      | Reached XP level 5. HP: 32/32 MP: 5/5
  2226 | D:3      | You fall into a shaft and drop 3 floors!
  2247 | D:6      | Reached skill level 6 in Maces & Flails
  2326 | D:6      | Found a staircase to the Ecumenical Temple.
  2334 | D:6      | Reached XP level 6. HP: 26/37 MP: 6/6
  2342 | Temple   | Entered the Ecumenical Temple
  2400 | Temple   | Became a worshipper of the Shining One
  2520 | D:6      | Reached skill level 7 in Maces & Flails
  2556 | D:6      | Reached XP level 7. HP: 12/41 MP: 7/7
  2568 | D:6      | Found a glowing drain.
  2576 | D:6      | Noticed Blork the orc
  2781 | D:6      | Killed Blork the orc
  2818 | Sewer    | Entered a sewer
  3148 | D:6      | Reached * piety under the Shining One
  3160 | D:6      | Reached skill level 8 in Maces & Flails
  3176 | D:5      | Entered Level 5 of the Dungeon
  3180 | D:5      | Noticed Ijyb
  3188 | D:5      | Killed Ijyb
  3206 | D:5      | Got a twisted whip
  3666 | D:4      | Found a glowing silver altar of Zin.
  4179 | D:5      | Found an ornate altar of the Wu Jian Council.
  4180 | D:5      | Found a bloodstained altar of Trog.
  4180 | D:5      | Found a shadowy altar of Dithmenos.
  4210 | D:5      | Reached skill level 9 in Maces & Flails
  4214 | D:5      | Reached XP level 8. HP: 45/46 MP: 8/8
  4236 | D:5      | Got an ebony hand crossbow
  4344 | D:5      | Found a hide-covered altar of Uskayaw.
  4411 | D:5      | Reached ** piety under the Shining One
  4754 | D:5      | Noticed Eustachio
  4778 | D:5      | Killed Eustachio
  4778 | D:5      | Reached skill level 10 in Maces & Flails
  4782 | D:5      | Noticed Menkaure
  4790 | D:5      | Killed Menkaure
  5560 | D:6      | Identified the +6 whip "Deom" {drain, rC+ Int+4} (You found
                  | it on level 5 of the Dungeon)
  5640 | D:7      | Noticed a cyclops
  5658 | D:7      | Hit by a large rock thrown by a cyclops

Levels and vault maps discovered:
D:1:      onia_arrival_zoo_common, layout_loops_cross
D:2:      layout_basic, cheibriados_altar_1, nicolae_overflow_hidden_temple,
          first_ration, nemelex_diamond_rough_becter
D:3:      layout_basic, uniq_jessica
D:4:      minmay_evil_eye, layout_loops_cross, zin_treasury
D:5:      layout_loops_corners, chequers_temple_overflow_statue_of_worship,
          nicolae_overflow_crystal_walls, minmay_diced_spiral, uniq_eustachio,
          uniq_ijyb, uniq_menkaure
D:6:      layout_rooms, minmay_temple_entry_waves, portal_sewer_entry_a,
          uniq_blork_the_orc
D:7:      layout_loops_ring, grunt_temple_overflow_growth_and_decay,
          lemuel_round_altar, lemuel_doored_altar, ebering_ghost_xom
Temple:   cyrus_temple_forest

Skill      XL: |  1  2  3  4  5  6  7  8 |
---------------+-------------------------+-----
Maces & Flails | 3 4 5 6 7 9 10 | 10.9
Fighting       | |  3.2
Armour         | |  3.2
Shields        | |  3.2

Action                   |  1- 3 |  4- 6 |  7- 9 || total
-------------------------+-------+-------+-------++-------
Melee: Flail             |   138 |   219 |   299 ||   656
  Use: Potion            |       |     1 |     1 ||     2
       Scroll            |       |       |    16 ||    16
  Eat: Chunk             |       |     5 |    12 ||    17
Armor: Scale mail        |    21 |       |       ||    21
       Chain mail        |    53 |   132 |   141 ||   326
       Plate armour      |       |       |    50 ||    50
Dodge: Dodged            |    44 |    45 |    56 ||   145
Block: Shield            |    81 |   115 |   135 ||   331
